Workbook
Name Class_A: '[4]Ch20 CMBS'!$K$11
Name Class_B: '[4]Ch20 CMBS'!$K$16
Name ClassA_Coupon: '[4]Ch20 CMBS'!$I$11
Name ClassB_Coupon: '[4]Ch20 CMBS'!$I$16
Name Default_property_Price: '[4]Ch20 CMBS'!$F$4
Name Interest_rate: '[4]Ch20 CMBS'!$C$5
Name Maturity: '[4]Ch20 CMBS'!$C$6
Name Mortgages: '[4]Ch20 CMBS'!$C$4
Name Residual: '[4]Ch20 CMBS'!$K$18
Name Total_Asset: '[4]Ch20 CMBS'!$K$20

Sheet Scenario
A1: FINA 455 - Excel Case #2 - Fall 2021 | AB1: Proforma - projected statement for six years | AZ1: original template
A3: Property details
A4: Office Building
A5: Rentable Area: | B5: 100000 | C5: sq ft
A6: Rental Rate Year 1: | B6: 19 | C6: per sq ft
A7: Yearly Increase: | B7: 0.02
A8: Lease term: | B8: 10 | C8: yrs
A9: # of tenants: | B9: 7
A10: Occupancy: | B10: 0.95
A11: Vacancy: | B11: 0.05
A12: Cost: | B12: 21000000
A13: Equity: | B13: =B12*C13 -> 7350000 | C13: 0.35
A14: Debt: | B14: =B12*C14 -> 13650000 | C14: =1-C13 -> 0.65
A15: Loan Rate: | B15: 0.048
A16: Loan Term: | B16: 20 | C16: yrs
A17: Land Value: | B17: =ROUND(B12*C17,0) -> 3780000 | C17: 0.18
A18: Depreciable Amount: | B18: =ROUND(B12*C18,0) -> 17220000 | C18: 0.82
A19: Depreciable Term: | B19: 39 | C19: yrs
A20: Cap Rate for Sale: | B20: 0.0775
A21: Income Tax Rate: | B21: 0.2
A22: Capital Gain Tax Rate: | B22: 0.15
A23: Management Fee: | B23: 0.03

Sheet Depreciation Schedule
B1: Depreciation Schedule
A2: Year | B2: Particulars | C2: Original Cost | D2: Depreciation period | E2: Depreciation During the year | F2: End period Accumulated Depreciation | G2: Ending WDV
A3: 1 | B3: Office building | C3: =Scenario!B18 -> 17220000 | D3: =Scenario!B19 -> 39 | E3: =C3/D3 -> 441538.46 | F3: =E3 -> 441538.46 | G3: =$C$3-F3 -> 16778462
A4: 2 | D4: =D3-1 -> 38 | E4: =G3/D4 -> 441538.46 | F4: =F3+E4 -> 883076.92 | G4: =$C$3-F4 -> 16336923
A5: 3 | D5: =D4-1 -> 37 | E5: =G4/D5 -> 441538.46 | F5: =F4+E5 -> 1324615.4 | G5: =$C$3-F5 -> 15895385
A6: 4 | D6: =D5-1 -> 36 | E6: =G5/D6 -> 441538.46 | F6: =F5+E6 -> 1766153.8 | G6: =$C$3-F6 -> 15453846
A7: 5 | D7: =D6-1 -> 35 | E7: =G6/D7 -> 441538.46 | F7: =F6+E7 -> 2207692.3 | G7: =$C$3-F7 -> 15012308
A8: 6 | D8: =D7-1 -> 34 | E8: =G7/D8 -> 441538.46 | F8: =F7+E8 -> 2649230.8 | G8: =$C$3-F8 -> 14570769
A9: 7 | D9: =D8-1 -> 33 | E9: =G8/D9 -> 441538.46 | F9: =F8+E9 -> 3090769.2 | G9: =$C$3-F9 -> 14129231
A10: 8 | D10: =D9-1 -> 32 | E10: =G9/D10 -> 441538.46 | F10: =F9+E10 -> 3532307.7 | G10: =$C$3-F10 -> 13687692
A11: 9 | D11: =D10-1 -> 31 | E11: =G10/D11 -> 441538.46 | F11: =F10+E11 -> 3973846.2 | G11: =$C$3-F11 -> 13246154
A12: 10 | D12: =D11-1 -> 30 | E12: =G11/D12 -> 441538.46 | F12: =F11+E12 -> 4415384.6 | G12: =$C$3-F12 -> 12804615
A13: 11 | D13: =D12-1 -> 29 | E13: =G12/D13 -> 441538.46 | F13: =F12+E13 -> 4856923.1 | G13: =$C$3-F13 -> 12363077
A14: 12 | D14: =D13-1 -> 28 | E14: =G13/D14 -> 441538.46 | F14: =F13+E14 -> 5298461.5 | G14: =$C$3-F14 -> 11921538
A15: 13 | D15: =D14-1 -> 27 | E15: =G14/D15 -> 441538.46 | F15: =F14+E15 -> 5740000 | G15: =$C$3-F15 -> 11480000
... A41: 39 | D41: =D40-1 -> 1 | E41: =G40/D41 -> 441538.46 | F41: =F40+E41 -> 17220000 | G41: =$C$3-F41 -> 0

Sheet Armotisation Schedule
A1: Armotisation Schedule
A2: Principal | B2: =Scenario!B14 -> 13650000 | C2: No of Payments | D2: =12*B3 -> 240
A3: Term | B3: =Scenario!B16 -> 20 | C3: Montly Rate | D3: =B4/12 -> 0.004
A4: Annual Rate | B4: =Scenario!B15 -> 0.048 | C4: Mortgage Payment | D4: =PMT(D3,D2,-B2,0) -> 88582.695
A5: Initial Date | B5: 2021
A7: Month | B7: Beginning Balance | C7: Payment | D7: Interest | E7: Principal | F7: Ending Balance | G7: Annual Interest expense
A8: 1 | B8: =B2 -> 13650000 | C8: =D4 -> 88582.695 | D8: =B8*D3 -> 54600 | E8: =C8-D8 -> 33982.695 | F8: =B8-E8 -> 13616017
A9: 2 | B9: =F8 -> 13616017 | C9: =$D$4 -> 88582.695 | D9: =B9*$D$3 -> 54464.069 | E9: =C9-D9 -> 34118.625 | F9: =B9-E9 -> 13581899
A10: 3 | B10: =F9 -> 13581899 | C10: =$D$4 -> 88582.695 | D10: =B10*$D$3 -> 54327.595 | E10: =C10-D10 -> 34255.1 | F10: =B10-E10 -> 13547644
A11: 4 | B11: =F10 -> 13547644 | C11: =$D$4 -> 88582.695 | D11: =B11*$D$3 -> 54190.574 | E11: =C11-D11 -> 34392.12 | F11: =B11-E11 -> 13513251
A12: 5 | B12: =F11 -> 13513251 | C12: =$D$4 -> 88582.695 | D12: =B12*$D$3 -> 54053.006 | E12: =C12-D12 -> 34529.689 | F12: =B12-E12 -> 13478722
A13: 6 | B13: =F12 -> 13478722 | C13: =$D$4 -> 88582.695 | D13: =B13*$D$3 -> 53914.887 | E13: =C13-D13 -> 34667.808 | F13: =B13-E13 -> 13444054
A14: 7 | B14: =F13 -> 13444054 | C14: =$D$4 -> 88582.695 | D14: =B14*$D$3 -> 53776.216 | E14: =C14-D14 -> 34806.479 | F14: =B14-E14 -> 13409247
A15: 8 | B15: =F14 -> 13409247 | C15: =$D$4 -> 88582.695 | D15: =B15*$D$3 -> 53636.99 | E15: =C15-D15 -> 34945.705 | F15: =B15-E15 -> 13374302
A16: 9 | B16: =F15 -> 13374302 | C16: =$D$4 -> 88582.695 | D16: =B16*$D$3 -> 53497.207 | E16: =C16-D16 -> 35085.488 | F16: =B16-E16 -> 13339216
A17: 10 | B17: =F16 -> 13339216 | C17: =$D$4 -> 88582.695 | D17: =B17*$D$3 -> 53356.865 | E17: =C17-D17 -> 35225.829 | F17: =B17-E17 -> 13303990
A18: 11 | B18: =F17 -> 13303990 | C18: =$D$4 -> 88582.695 | D18: =B18*$D$3 -> 53215.962 | E18: =C18-D18 -> 35366.733 | F18: =B18-E18 -> 13268624
A19: 12 | B19: =F18 -> 13268624 | C19: =$D$4 -> 88582.695 | D19: =B19*$D$3 -> 53074.495 | E19: =C19-D19 -> 35508.2 | F19: =B19-E19 -> 13233116 | G19: =SUM(D8:D19) -> 646107.87
A20: 13 | B20: =F19 -> 13233116 | C20: =$D$4 -> 88582.695 | D20: =B20*$D$3 -> 52932.462 | E20: =C20-D20 -> 35650.233 | F20: =B20-E20 -> 13197465 | G20: =SUM(D9:D20) -> 644440.33
A21: 14 | B21: =F20 -> 13197465 | C21: =$D$4 -> 88582.695 | D21: =B21*$D$3 -> 52789.861 | E21: =C21-D21 -> 35792.833 | F21: =B21-E21 -> 13161672 | G21: =SUM(D10:D21) -> 642766.12
A22: 15 | B22: =F21 -> 13161672 | C22: =$D$4 -> 88582.695 | D22: =B22*$D$3 -> 52646.69 | E22: =C22-D22 -> 35936.005 | F22: =B22-E22 -> 13125736 | G22: =SUM(D11:D22) -> 641085.22
A23: 16 | B23: =F22 -> 13125736 | C23: =$D$4 -> 88582.695 | D23: =B23*$D$3 -> 52502.946 | E23: =C23-D23 -> 36079.749 | F23: =B23-E23 -> 13089657 | G23: =SUM(D12:D23) -> 639397.59
A24: 17 | B24: =F23 -> 13089657 | C24: =$D$4 -> 88582.695 | D24: =B24*$D$3 -> 52358.627 | E24: =C24-D24 -> 36224.068 | F24: =B24-E24 -> 13053433 | G24: =SUM(D13:D24) -> 637703.21
A25: 18 | B25: =F24 -> 13053433 | C25: =$D$4 -> 88582.695 | D25: =B25*$D$3 -> 52213.731 | E25: =C25-D25 -> 36368.964 | F25: =B25-E25 -> 13017064 | G25: =SUM(D14:D25) -> 636002.05
A26: 19 | B26: =F25 -> 13017064 | C26: =$D$4 -> 88582.695 | D26: =B26*$D$3 -> 52068.255 | E26: =C26-D26 -> 36514.44 | F26: =B26-E26 -> 12980549 | G26: =SUM(D15:D26) -> 634294.09
A27: 20 | B27: =F26 -> 12980549 | C27: =$D$4 -> 88582.695 | D27: =B27*$D$3 -> 51922.197 | E27: =C27-D27 -> 36660.498 | F27: =B27-E27 -> 12943889 | G27: =SUM(D16:D27) -> 632579.3
A28: 21 | B28: =F27 -> 12943889 | C28: =$D$4 -> 88582.695 | D28: =B28*$D$3 -> 51775.555 | E28: =C28-D28 -> 36807.14 | F28: =B28-E28 -> 12907082 | G28: =SUM(D17:D28) -> 630857.65
A29: 22 | B29: =F28 -> 12907082 | C29: =$D$4 -> 88582.695 | D29: =B29*$D$3 -> 51628.326 | E29: =C29-D29 -> 36954.368 | F29: =B29-E29 -> 12870127 | G29: =SUM(D18:D29) -> 629129.11
A30: 23 | B30: =F29 -> 12870127 | C30: =$D$4 -> 88582.695 | D30: =B30*$D$3 -> 51480.509 | E30: =C30-D30 -> 37102.186 | F30: =B30-E30 -> 12833025 | G30: =SUM(D19:D30) -> 627393.65
... A247: 240 | B247: =F246 -> 88229.776 | C247: =$D$4 -> 88582.695 | D247: =B247*$D$3 -> 352.9191 | E247: =C247-D247 -> 88229.776 | F247: =B247-E247 -> 1.891749e-10 | G247: =SUM(D236:D247) -> 27129.536
C248: =SUM(C7:C247) -> 21259847 | D248: =SUM(D7:D247) -> 7609846.7 | E248: =C248-D248 -> 13650000

Sheet NOI Calculation
B2: Rate | C2: Yearly Increase | D2: Year 1 | E2: Year 2 | F2: Year 3 | G2: Year 4 | H2: Year 5 | I2: Year 6
A3: Revenue
A4: Triple Net Rent Income | B4: =B14 -> 19 | C4: =C14 -> 0.02 | D4: =D14 -> 1900000 | E4: =E14 -> 1938000 | F4: =F14 -> 1976760 | G4: =G14 -> 2016295.2 | H4: =H14 -> 2056621.1 | I4: =I14 -> 2097753.5
A5: Plus Reimburseable CAM | D5: =D23 -> 423000 | E5: =E23 -> 433710 | F5: =F23 -> 444696.64 | G5: =G23 -> 455967.19 | H5: =H23 -> 467529.14 | I5: =I23 -> 479390.14
A6: Gross Potential Income | D6: =SUM(D4:D5) -> 2323000 | E6: =SUM(E4:E5) -> 2371710 | F6: =SUM(F4:F5) -> 2421456.6 | G6: =SUM(G4:G5) -> 2472262.4 | H6: =SUM(H4:H5) -> 2524150.2 | I6: =SUM(I4:I5) -> 2577143.7
A7: Less Vacancy | B7: =Scenario!B11 -> 0.05 | D7: =$B$7*D6 -> 116150 | E7: =$B$7*E6 -> 118585.5 | F7: =$B$7*F6 -> 121072.83 | G7: =$B$7*G6 -> 123613.12 | H7: =$B$7*H6 -> 126207.51 | I7: =$B$7*I6 -> 128857.18
A8: Effective Gross Income | D8: =D6-D7 -> 2206850 | E8: =E6-E7 -> 2253124.5 | F8: =F6-F7 -> 2300383.8 | G8: =G6-G7 -> 2348649.3 | H8: =H6-H7 -> 2397942.7 | I8: =I6-I7 -> 2448286.5
A9: Less Reimburseable CAM | D9: =D23 -> 423000 | E9: =E23 -> 433710 | F9: =F23 -> 444696.64 | G9: =G23 -> 455967.19 | H9: =H23 -> 467529.14 | I9: =I23 -> 479390.14
A10: Less Nonreimburseable Expenses | D10: =D26 -> 66206 | E10: =E26 -> 67594 | F10: =F26 -> 69012 | G10: =G26 -> 70459 | H10: =H26 -> 71938 | I10: =I26 -> 73449
A11: Net Operating Income (NOI) | D11: =D8-D9-D10 -> 1717644 | E11: =E8-E9-E10 -> 1751820.5 | F11: =F8-F9-F10 -> 1786675.2 | G11: =G8-G9-G10 -> 1822223.1 | H11: =H8-H9-H10 -> 1858475.6 | I11: =I8-I9-I10 -> 1895447.3
A13: Rent detail
A14: 100,000 Sq Ft | B14: =Scenario!B6 -> 19 | C14: =Scenario!B7 -> 0.02 | D14: =Scenario!$B$5*$B$14 -> 1900000 | E14: =D14*(1+$C$14) -> 1938000 | F14: =E14*(1+$C$14) -> 1976760 | G14: =F14*(1+$C$14) -> 2016295.2 | H14: =G14*(1+$C$14) -> 2056621.1 | I14: =H14*(1+$C$14) -> 2097753.5
A17: Common Area Maintenace (CAM) detail
A18: Property taxes | C18: 0.0225 | D18: 102000 | E18: =D18*(1+$C$18) -> 104295 | F18: =E18*(1+$C$18) -> 106641.64 | G18: =F18*(1+$C$18) -> 109041.07 | H18: =G18*(1+$C$18) -> 111494.5 | I18: =H18*(1+$C$18) -> 114003.12
A19: Insurance | C19: 0.02 | D19: 72000 | E19: =D19*(1+$C$19) -> 73440 | F19: =E19*(1+$C$19) -> 74908.8 | G19: =F19*(1+$C$19) -> 76406.976 | H19: =G19*(1+$C$19) -> 77935.116 | I19: =H19*(1+$C$19) -> 79493.818
A20: Maintenance | C20: 0.0275 | D20: 108000 | E20: =D20*(1+$C$20) -> 110970 | F20: =E20*(1+$C$20) -> 114021.68 | G20: =F20*(1+$C$20) -> 117157.27 | H20: =G20*(1+$C$20) -> 120379.1 | I20: =H20*(1+$C$20) -> 123689.52
A21: Janitorial | C21: 0.03 | D21: 96000 | E21: =D21*(1+$C$21) -> 98880 | F21: =E21*(1+$C$21) -> 101846.4 | G21: =F21*(1+$C$21) -> 104901.79 | H21: =G21*(1+$C$21) -> 108048.85 | I21: =H21*(1+$C$21) -> 111290.31
A22: Landscaping | C22: 0.025 | D22: 45000 | E22: =D22*(1+$C$22) -> 46125 | F22: =E22*(1+$C$22) -> 47278.125 | G22: =F22*(1+$C$22) -> 48460.078 | H22: =G22*(1+$C$22) -> 49671.58 | I22: =H22*(1+$C$22) -> 50913.37
A23: CAM Total | D23: =SUM(D18:D22) -> 423000 | E23: =SUM(E18:E22) -> 433710 | F23: =SUM(F18:F22) -> 444696.64 | G23: =SUM(G18:G22) -> 455967.19 | H23: =SUM(H18:H22) -> 467529.14 | I23: =SUM(I18:I22) -> 479390.14
A25: Nonreimburseable Expense detail
A26: Management fees | B26: =Scenario!B23 -> 0.03 | D26: =ROUND(D8*$B$26,0) -> 66206 | E26: =ROUND(E8*$B$26,0) -> 67594 | F26: =ROUND(F8*$B$26,0) -> 69012 | G26: =ROUND(G8*$B$26,0) -> 70459 | H26: =ROUND(H8*$B$26,0) -> 71938 | I26: =ROUND(I8*$B$26,0) -> 73449

Sheet Debt Coverage Ratio
A1: Cash flow from operations
A2: Net operating Income (NOI) | D2: ='NOI Calculation'!D11 -> 1717644 | E2: ='NOI Calculation'!E11 -> 1751820.5 | F2: ='NOI Calculation'!F11 -> 1786675.2 | G2: ='NOI Calculation'!G11 -> 1822223.1 | H2: ='NOI Calculation'!H11 -> 1858475.6 | I2: ='NOI Calculation'!I11 -> 1895447.3
A3: Less debt service | D3: =13650000 *4.8% -> 655200 | E3: =13650000 *4.8% -> 655200 | F3: =13650000 *4.8% -> 655200 | G3: =13650000 *4.8% -> 655200 | H3: =13650000 *4.8% -> 655200 | I3: =13650000 *4.8% -> 655200
A4: Before tax cash flow (operations) | D4: =D2-D3 -> 1062444 | E4: =E2-E3 -> 1096620.5 | F4: =F2-F3 -> 1131475.2 | G4: =G2-G3 -> 1167023.1 | H4: =H2-H3 -> 1203275.6 | I4: =I2-I3 -> 1240247.3
A6: Debt coverage ratio | D6: =D2/D3 -> 2.6215568 | E6: =E2/E3 -> 2.6737187 | F6: =F2/F3 -> 2.7269157 | G6: =G2/G3 -> 2.7811708 | H6: =H2/H3 -> 2.8365012 | I6: =I2/I3 -> 2.8929294

Sheet After Tax Cashflow (Sale)
A1: After tax cash flow (operations)
A2: Before tax cash flow | D2: ='Debt Coverage Ratio'!D4 -> 1062444 | E2: ='Debt Coverage Ratio'!E4 -> 1096620.5 | F2: ='Debt Coverage Ratio'!F4 -> 1131475.2 | G2: ='Debt Coverage Ratio'!G4 -> 1167023.1 | H2: ='Debt Coverage Ratio'!H4 -> 1203275.6 | I2: ='Debt Coverage Ratio'!I4 -> 1240247.3
A3: Less income tax | D3: ='Tax Calculation'!D7 -> 125999.53 | E3: ='Tax Calculation'!E7 -> 136926.16 | F3: ='Tax Calculation'!F7 -> 148189.17 | G3: ='Tax Calculation'!G7 -> 159801.45 | H3: ='Tax Calculation'!H7 -> 171775.6 | I3: ='Tax Calculation'!I7 -> 184125.39
A4: After tax cash flow (operations) | D4: =D2-D3 -> 936444.47 | E4: =E2-E3 -> 959694.34 | F4: =F2-F3 -> 983286 | G4: =G2-G3 -> 1007221.6 | H4: =H2-H3 -> 1031500 | I4: =I2-I3 -> 1056122
A6: Sale at end of Year 5
A7: After tax cash flow from sale at end of year 5
A8: Sales proceeds | B8: =Scenario!B20 -> 0.0775 | C8: cap rate | H8: ='NOI Calculation'!H11/B8 -> 23980330
A9: Less mortgage balance | H9: ='Armotisation Schedule'!F67 -> 11350725
A10: Before tax cash flow from sale | H10: =H8-H9 -> 12629605
A11: Original cost basis | H11: ='Depreciation Schedule'!C3 -> 17220000
A12: Less accumulated depreciation | H12: ='Depreciation Schedule'!F7 -> 2207692.3
A13: Adjusted basis | H13: =H11-H12 -> 15012308
A14: Amount subject to capital gain | H14: =H8-H13 -> 8968022.5
A15: Capital gain tax | B15: =Scenario!B22 -> 0.15 | H15: =H14*B15 -> 1345203.4
A16: After tax cash flow from sale at end of year 5 | H16: =H10-H15 -> 11284402

Sheet Tax Calculation
B1: Rate | C1: Yearly Increase | D1: Year 1 | E1: Year 2 | F1: Year 3 | G1: Year 4 | H1: Year 5 | I1: Year 6
A2: Taxable Income
A3: Net operating Income (NOI) | D3: ='NOI Calculation'!D11 -> 1717644 | E3: ='NOI Calculation'!E11 -> 1751820.5 | F3: ='NOI Calculation'!F11 -> 1786675.2 | G3: ='NOI Calculation'!G11 -> 1822223.1 | H3: ='NOI Calculation'!H11 -> 1858475.6 | I3: ='NOI Calculation'!I11 -> 1895447.3
A4: Less interest expense | D4: ='Armotisation Schedule'!G19 -> 646107.87 | E4: ='Armotisation Schedule'!G31 -> 625651.26 | F4: ='Armotisation Schedule'!G43 -> 604190.84 | G4: ='Armotisation Schedule'!G55 -> 581677.36 | H4: ='Armotisation Schedule'!G67 -> 558059.13 | I4: ='Armotisation Schedule'!G79 -> 533281.95
A5: Less depreciation expense | D5: =Scenario!$B$18/Scenario!$B$19 -> 441538.46 | E5: =Scenario!$B$18/Scenario!$B$19 -> 441538.46 | F5: =Scenario!$B$18/Scenario!$B$19 -> 441538.46 | G5: =Scenario!$B$18/Scenario!$B$19 -> 441538.46 | H5: =Scenario!$B$18/Scenario!$B$19 -> 441538.46 | I5: =Scenario!$B$18/Scenario!$B$19 -> 441538.46
A6: Taxable income | D6: =D3-D4-D5 -> 629997.67 | E6: =E3-E4-E5 -> 684630.78 | F6: =F3-F4-F5 -> 740945.87 | G6: =G3-G4-G5 -> 799007.26 | H6: =H3-H4-H5 -> 858878 | I6: =I3-I4-I5 -> 920626.93
A7: Income tax | B7: =Scenario!B21 -> 0.2 | D7: =D6*$B$7 -> 125999.53 | E7: =E6*$B$7 -> 136926.16 | F7: =F6*$B$7 -> 148189.17 | G7: =G6*$B$7 -> 159801.45 | H7: =H6*$B$7 -> 171775.6 | I7: =I6*$B$7 -> 184125.39

Sheet IRR from Equity
A1: Cash flows by year | C1: Year 0 | D1: ='NOI Calculation'!D2 -> Year 1 | E1: ='NOI Calculation'!E2 -> Year 2 | F1: ='NOI Calculation'!F2 -> Year 3 | G1: ='NOI Calculation'!G2 -> Year 4 | H1: ='NOI Calculation'!H2 -> Year 5
A2: Equity investment | C2: =-Scenario!B13 -> -7350000
A3: After tax operations | D3: ='After Tax Cashflow (Sale)'!D4 -> 936444.47 | E3: ='After Tax Cashflow (Sale)'!E4 -> 959694.34 | F3: ='After Tax Cashflow (Sale)'!F4 -> 983286 | G3: ='After Tax Cashflow (Sale)'!G4 -> 1007221.6 | H3: ='After Tax Cashflow (Sale)'!H4 -> 1031500
A4: After tax sale of property | H4: ='After Tax Cashflow (Sale)'!H16 -> 11284402
A5: Total after tax cash flow | C5: =C2+C4+C3 -> -7350000 | D5: =D2+D4+D3 -> 936444.47 | E5: =E2+E4+E3 -> 959694.34 | F5: =F2+F4+F3 -> 983286 | G5: =G2+G4+G3 -> 1007221.6 | H5: =H2+H4+H3 -> 12315902
A7: Internal Rate of Return | H7: =IRR(C5:H5) -> 0.20401261
